 Dungeon Crawl Stone Soup version 0.25.1-2-g60ff931df9 (webtiles) character file.

Game seed: 8588843964807797266

56 JakoBeide the Grave Robber (level 4, -6/30 HPs)
             Began as a Human Necromancer on Nov 18, 2020.
             Mangled by a gnoll
             ... wielding a +0 spear
              (9 damage)
             ... on level 3 of the Dungeon.
             The game lasted 00:16:25 (2332 turns).

JakoBeide the Grave Robber (Human Necromancer)      Turns: 2332, Time: 00:16:27

Health: -6/30      AC:  2    Str:  8    XL:     4   Next: 17%
Magic:  0/8        EV: 12    Int: 17    God:
Gold:   61         SH:  5    Dex: 13    Spells: 3/8 levels left

rFire    . . .     SeeInvis .   f - +0 club
rCold    . . .     Gourm    .   (no shield)
rNeg     . . .     Faith    .   a - +0 robe
rPois    .         Spirit   .   (no helmet)
rElec    .         Reflect  +   (no cloak)
rCorr    .         Harm     .   (no gloves)
MR       .....     Rnd*Tele +   (no boots)
Stlth    +++.......             u - amulet of reflection
HPRegen  0.10/turn              o - ring of teleportation (curse)
MPRegen  0.11/turn              c - ring of stealth

@: no status effects
A: no striking features
a: no special abilities


You were on level 3 of the Dungeon.
You were not hungry.

You visited 1 branch of the dungeon, and saw 3 of its levels.

You collected 61 gold pieces.

Inventory:

Hand Weapons
 f - a +0 club (weapon)
 j - a +0 dagger
 k - a +0 club
 l - a +0 club
 p - a +0 hunting sling
 q - a +0 dagger
 s - a +0 short sword
 x - a +0 club
Missiles
 b - 78 stones (quivered)
 g - 39 arrows
 i - 66 bolts
Armour
 a - a +0 robe (worn)
 h - a +0 ring mail
Jewellery
 c - a ring of stealth (right hand)
 o - a cursed ring of teleportation (left hand)
 r - an uncursed ring of poison resistance
 u - an amulet of reflection (around neck)
Scrolls
 n - 2 scrolls of blinking {unknown}
 w - a scroll of amnesia {unknown}
 y - a scroll of enchant armour {unknown}
Potions
 d - a potion of brilliance {unknown}
 e - a potion of curing {unknown}
 m - 2 potions of cancellation {unknown}
 t - a potion of flight {unknown}
 v - a potion of degeneration {unknown}
 z - a potion of heal wounds {unknown}


   Skills:
 + Level 0.3 Maces & Flails
 + Level 2.1 Dodging
 + Level 2.2 Stealth
 + Level 2.9 Spellcasting
 + Level 4.6 Necromancy


You had 3 spell levels left.
You knew the following spells:

 Your Spells              Type           Power        Failure   Level  Hunger
a - Pain                  Necr           ###.         2%          1    #......
b - Animate Skeleton      Necr           N/A          2%          1    #......
c - Vampiric Draining     Necr           ###.......   8%          3    ###....

Your spell library contained the following spells:

 Spells                   Type           Power        Failure   Level  Hunger
 Animate Dead             Necr           N/A          26%         4    #####..
 Agony                    Necr           ###.....     58%         5    ######.


Dungeon Overview and Level Annotations

Branches:
Dungeon (3/15)

Altars:


Message History

Aiming: Pain (safe; 3% risk of failure)
Press: ? - help, Shift-Dir - straight line, f/p - gnoll
Aim: a gnoll, wielding a +0 whip (heavily wounded, chance to defeat MR: 81%)
The gnoll writhes in agony!
You kill the gnoll!
You have reached level 4!
You feel clever. The gnoll completely misses you.
Your magical contamination has completely faded away.
A kobold comes into view. It is wielding a +0 dagger.
Found 13 gold pieces.
Casting: Pain (safe; 2% risk of failure)
Confirm with . or Enter, or press ? or * to list all spells.
Aiming: Pain (safe; 2% risk of failure)
Press: ? - help, Shift-Dir - straight line, f - gnoll
Aim: a gnoll, wielding a +0 spear (chance to defeat MR: 84%)
The gnoll writhes in agony.
You block the gnoll's attack.
Found a stone staircase leading down.
The gnoll hits you from afar with a +0 spear!
You die...

##'## .# ##...## .#
##.....###########.#
##.......#...>......#
#..........###...#..#
+............K......#
#..........###...#..#
##.......#.###......#
##.....##...@.....#
##...#######.#####
##'## #g# #.# #.# #.#
######.#
##.###......#
##...##)######
#........# #
##....#..#


You could see a gnoll.

Vanquished Creatures
  2 gnolls (D:3)
  A worm (D:2)
  A dart slug (D:1)
  2 ball pythons
  2 giant cockroaches (D:1)
  4 goblins
  4 hobgoblins (D:1)
  3 jackals (D:1)
  5 bats
  A frilled lizard (D:2)
  2 kobolds
  6 rats
33 creatures vanquished.

Notes
Turn   | Place    | Note
-------+----------+-------------------------------------------
     0 | D:1      | JakoBeide the Human Necromancer began the quest for the
                  | Orb.
     0 | D:1      | Reached XP level 1. HP: 13/13 MP: 3/3
    52 | D:1      | Learned a level 1 spell: Animate Skeleton
   596 | D:1      | Reached XP level 2. HP: 14/19 MP: 1/5
  1498 | D:1      | Reached XP level 3. HP: 16/24 MP: 0/6
  1666 | D:1      | Learned a level 3 spell: Vampiric Draining
  2321 | D:3      | Reached XP level 4. HP: 4/30 MP: 0/8
  2332 | D:3      | Mangled by a gnoll

Illustrated notes

Levels and vault maps discovered:
D:1:      erik_arrival_triangle_huge, layout_basic
D:2:      layout_loops_ring, lemuel_doored_altar,
          nicolae_overflow_hidden_temple, led_sif_pool
D:3:      layout_loops_corners

Action                   |  1- 3 |  4- 6 || total
-------------------------+-------+-------++-------
Melee: Unarmed           |     6 |       ||     6
       Club              |    22 |       ||    22
 Cast: Pain              |    59 |     2 ||    61
       Animate Skeleton  |    10 |       ||    10
  Eat: Ration            |     1 |       ||     1
       Chunk             |     2 |       ||     2
Armor: Robe              |    10 |       ||    10
Dodge: Dodged            |    37 |     1 ||    38
Block: Other             |     7 |     1 ||     8
